Map: Ruinas de Endión

Players

Mynis - Winner!

  • Race: Terran Terran

xXkazperXx

  • Race: Zerg Zerg

VOD

Have the link to the VOD?

Description

Time

  • Played on: March 31, 2016, 1:06 a.m.
  • Length: 20:17
Show
View Real Time Build Order
Export as new Build Order

Mynis Terran - Winner!

Build Orders:  

Get SALT Encoding   

  12  0:11  Supply Depot  
  12  0:15  SCV  
  13  0:27  SCV  
  14  0:36  Barracks  
  14  0:42  Refinery  
  14  0:47  SCV  
  15  0:59  SCV  
  16  1:13  SCV  
  18  1:29  Barracks Reactor  
  18  1:36  Orbital Command  
  17  1:41  Barracks  
  17  2:08  Marine x2  
  19  2:19  Command Center  
  19  2:22  Refinery  
  19  2:27  Marine x2  
  21  2:34  SCV  
  22  2:45  Marine  
  22  2:49  Supply Depot  
  23  2:55  Bunker  
  23  3:05  Barracks Tech Lab  
  23  3:10  SCV, Marine  
  25  3:17  Factory  
  25  3:22  SCV, Supply Depot  
  26  3:35  Bunker  
  26  3:38  Orbital Command  
  26  3:59  Marine x2  
  28  4:03  Supply Depot  
  28  4:13  Factory Tech Lab  
  28  4:17  Marine x2  
  28  4:24  SCV  
  31  4:27  Supply Depot  
  31  4:36  SCV  
  31  4:37  Siege Tank  
  35  4:48  SCV  
  36  4:54  Starport  
  36  4:57  Engineering Bay  
  36  5:00  SCV  
  37  5:12  SCV  
  38  5:15  Refinery  
  38  5:17  Refinery  
  38  5:19  Marine x2  
  40  5:33  Terran Infantry Weapons Level 1  
  40  5:36  Marine  
  40  5:37  Marine  
  42  5:43  Bunker  
  42  5:48  SCV  
  43  5:54  Marine x2  
  45  6:00  SCV  
  46  6:12  SCV, Armory, Marine x2  
  49  6:24  SCV  
  50  6:32  Bunker  
  50  6:35  Command Center  
  50  6:36  Siege Tank  
  53  6:49  Starport Tech Lab  
  53  7:00  Marine x2  
  55  7:08  Siege Tank  
  55  7:10  Sensor Tower  
  55  7:14  Medivac  
  60  7:18  Marine x2  
  62  7:27  Terran Infantry Armor Level 1  
  62  7:33  Supply Depot  
  62  7:40  Siege Tank  
  62  7:43  Bunker  
  65  7:44  Medivac  
  67  7:55  Supply Depot  
  67  7:59  Combat Shields  
  67  8:02  Marine  
  67  8:04  Marine  
  69  8:10  Refinery  
  69  8:13  Orbital Command  
  69  8:14  Medivac, Bunker  
  69  8:17  Supply Depot  
  69  8:19  Marine  
  72  8:36  Terran Vehicle Weapons Level 1  
  72  8:37  Marine  
  73  8:44  Medivac  
  73  8:46  Siege Tank  
  78  8:55  Marine  
  78  9:09  SCV  
  79  9:13  Marine  
  80  9:18  Siege Tank  
  80  9:21  Terran Infantry Weapons Level 2, SCV  
  80  9:22  Barracks  
  84  9:33  SCV  
  85  9:45  SCV  
  85  9:47  Banshee  
  85  9:50  Siege Tank  
  92  9:57  SCV  
  93  10:22  Command Center  
  93  10:30  Banshee  
  93  10:31  Terran Vehicle And Ship Armor Level 1  
  96  10:39  Refinery  
  96  10:49  Supply Depot  
  96  10:53  Barracks Reactor  
  96  11:02  Factory  
  96  11:12  Supply Depot  
  96  11:13  Banshee  
  88  11:37  Terran Infantry Armor Level 2  
  85  11:49  Factory Tech Lab  
  85  11:54  Marine x2  
  85  11:55  Banshee  
  85  12:00  Orbital Command  
  90  12:05  Barracks  
  90  12:09  Barracks  
  90  12:11  SCV  
  90  12:12  Marine x2  
  93  12:21  SCV  
  94  12:23  SCV  
  95  12:30  Marine x2  
  95  12:33  SCV  
  95  12:35  SCV  
  93  12:45  SCV  
  93  12:47  SCV  
  93  12:48  Marine x2  
  92  12:55  Marine  
  92  12:56  Marine  
  92  12:57  SCV  
  93  12:59  SCV  
  89  13:13  Marine  
  89  13:14  Marine  
  90  13:23  Barracks Tech Lab  
  90  13:27  SCV  
  90  13:31  Marine x2  
  90  13:34  Thor  
  93  13:39  SCV  
  100  13:49  Marine x2  
  100  13:51  SCV  
  103  14:03  SCV  
  103  14:06  Marine  
  105  14:15  SCV  
  105  14:16  Thor  
  106  14:24  Marine  
  113  14:30  Marine x2  
  115  14:41  Marine  
  115  14:44  Barracks  
  116  14:46  Terran Infantry Weapons Level 3  
  116  14:48  Marine x2  
  118  14:59  Thor, Marine  
  125  15:06  Marine x2  
  124  15:14  Orbital Command  
  124  15:17  Marine  
  120  15:23  Marine  
  120  15:24  Marine  
  122  15:36  Marine x2  
  122  15:42  Thor  
  130  15:45  SCV  
  131  15:51  Barracks Reactor  
  131  15:54  Marine x2  
  133  15:57  SCV  
  134  16:05  Marine  
  134  16:10  SCV, Marine  
  137  16:12  Marine x2  
  139  16:21  Marine  
  140  16:26  Marine x2  
  140  16:27  SCV  
  140  16:39  Supply Depot  
  140  16:48  Supply Depot  
  140  17:00  SCV, Marine x7  
  148  17:02  Supply Depot  
  148  17:09  Thor, Marine  
  148  17:11  Supply Depot  
  155  17:18  Marine  
  155  17:21  Marine  
  155  17:22  Marine  
  156  17:23  Terran Infantry Armor Level 3, Marine x2  
  156  17:24  Supply Depot  
  156  17:27  Marine  
  156  17:29  SCV  
  158  17:33  Supply Depot  
  158  17:36  Marine  
  159  17:39  Marine  
  159  17:40  Marine  
  159  17:41  SCV, Marine x2  
  164  17:45  Marine  
  164  17:46  Supply Depot  
  165  17:52  Thor  
  165  17:53  SCV  
  165  17:54  Marine  
  165  17:57  Marine  
  165  17:58  Marine  
  175  17:59  Marine x2  
  175  18:02  Marine  
  175  18:05  SCV  
  179  18:11  Marine  
  180  18:14  Marine  
  180  18:16  Marine  
  180  18:17  SCV, Marine x2  
  185  18:20  Marine  
  186  18:29  Marine  
  186  18:32  Marine  
  186  18:33  Marine  
  189  18:34  Marine x2  
  189  18:38  Marine  
  192  18:47  Marine  
  193  18:51  Marine  
  194  19:05  Marine  
  194  19:09  Marine  
  192  19:25  Thor  
Show
View Real Time Build Order
Export as new Build Order

xXkazperXx Zerg 

Build Orders: Pool First 

Get SALT Encoding   

  12  0:02  Drone  
  13  0:12  Drone  
  14  0:24  Overlord  
  14  0:34  Extractor, Drone  
  14  0:47  Spawning Pool  
  14  0:49  Drone x2  
  15  1:03  Drone x2  
  17  1:16  Drone  
  18  1:34  Queen  
  18  1:37  Zergling x4  
  22  1:55  Roach Warren  
  22  1:56  Drone  
  22  2:07  Metabolic Boost  
  22  2:40  Extractor  
  21  3:03  Baneling Nest  
  20  3:08  Roach  
  20  3:10  Overlord  
  22  3:18  Lair  
  22  3:33  Zergling x8  
  26  3:48  Spine Crawler  
  25  3:59  Hatchery  
  24  4:07  Roach x2  
  28  4:22  Burrow  
  28  4:24  Tunneling Claws  
  28  4:39  Hydralisk Den  
  27  5:03  Zergling x6  
  27  5:05  Overlord x2  
  30  5:15  Spire  
  28  5:55  Hydralisk  
  28  5:56  Hydralisk  
  32  6:00  Drone  
  33  6:05  Drone  
  34  6:12  Overseer  
  34  6:36  Drone x3  
  37  6:41  Drone  
  37  6:45  Drone  
  39  6:58  Drone x2  
  41  7:01  Drone  
  42  7:37  Mutalisk x2  
  42  7:38  Mutalisk  
  42  7:40  Mutalisk  
  42  7:43  Zergling x2  
  51  8:19  Overlord x2  
  51  8:35  Infestation Pit  
  48  9:12  Mutalisk x3  
  48  9:14  Mutalisk x3  
  48  9:15  Mutalisk  
  62  9:19  Drone  
  62  9:22  Extractor  
  62  9:26  Extractor  
  62  9:30  Drone  
  62  9:47  Hatchery  
  62  9:49  Drone x3  
  64  9:55  Drone x2  
  57  11:41  Mutalisk x3  
  57  11:43  Mutalisk  
  57  11:44  Mutalisk x2  
  69  11:50  Queen  
  69  11:53  Drone x3  
  74  12:02  Overlord  
  73  13:36  Corruptor x4  
  73  13:39  Overlord  
  81  13:44  Hive  
  81  14:22  Lurker Den  
  81  14:24  Hydralisk x3  
  81  14:28  Overlord x3  
  81  15:32  Mutalisk  
  81  15:33  Mutalisk x2  
  87  15:40  Greater Spire  
  87  15:53  Extractor  
  87  15:56  Extractor  
  85  16:11  Lurker x5  
  68  18:03  Brood Lord x4  
  76  18:20  Mutalisk x2  
  76  18:21  Mutalisk  
  76  18:23  Mutalisk x5  
  76  18:25  Mutalisk x3  
  100  18:33  Queen  
  85  18:53  Roach x3  
Tags
 
Add a new tag
Caveats
  • Supply blocks, unpowered buildings, or Contaminate may cause inaccurate times.
  • Supply counts are checked every 10 seconds.